 Dungeon Crawl Stone Soup version 0.16-a0-2145-g6af420d (webtiles) character file.

1413 smajdalf the Grappler (level 8, -1/70 HPs)
             Began as a Ghoul Warper on Nov 13, 2014.
             Slain by a yellow wasp zombie (2 damage)
             ... in an ossuary.
             The game lasted 00:21:50 (5721 turns).

smajdalf the Grappler (Ghoul Warper)                Turns: 5721, Time: 00:21:50

Health: -1/70      AC:  6    Str: 12 (15) XL:     8   Next: 71%
Magic:  10/10      EV:  9    Int: 10      God:
Gold:   256        SH:  0    Dex:  8      Spells: 3 memorised, 5 levels left

rFire  . . .     SeeInvis +       - Unarmed
rCold  + + .     Clarity  .     b - +0 ring mail
rNeg   + + +     SustAb   .     (no shield)
rPois  +         Gourm    .     s - +0 helmet
rElec  .         Spirit   .     (no cloak)
rCorr  .         Warding  .     (no gloves)
rMut   .         Stasis   .     (no boots)
MR     .....                    (no amulet)
Stlth  ..........               j - ring of protection from cold (curse)
                                q - ring of see invisible

@: rotting, slowed, very slow, not resistant to hostile enchantments, extremely
unstealthy
A: rotting body, claws 1, carnivore 3, cold resistance 1, negative energy
resistance 3, poison resistance, slow healing 1, torment resistance, unbreathing
a: no special abilities


You were in an ossuary.
You were not hungry.

You visited 1 branch of the dungeon, and saw 5 of its levels.
You also visited: Ossuary.

You collected 256 gold pieces.

Inventory:

Missiles
 a - a throwing net
 e - 5 tomahawks of dispersal
 v - 5 tomahawks of returning (quivered)
Armour
 b - a +0 ring mail (worn)
 s - a +0 helmet (worn)
Jewellery
 j - a cursed ring of protection from cold (right claw)
 q - a ring of see invisible (left claw)
Magical devices
 g - a wand of draining (2)
 m - a wand of confusion (35)
Scrolls
 d - a scroll of blinking
 h - 4 scrolls of identify
 n - a scroll of remove curse
 o - 3 scrolls of teleportation {unknown}
 p - 2 scrolls of fog
 t - a scroll of random uselessness {unknown}
 u - a scroll of recharging {unknown}
 x - a scroll of amnesia {unknown}
 y - a scroll of fear {unknown}
Potions
 i - 2 potions of restore abilities
Books
 c - a book of Spatial Translocations

   Spells                             Type                      Level
   *Apportation                       Translocation                1
   *Blink                             Translocation                2
   *Shroud of Golubria                Charms/Translocation         2
   Portal Projectile                  Translocation                3
   Teleport Other                     Translocation                3
   Passage of Golubria                Translocation                4
Comestibles
 f - 2 royal jellies
 r - 2 meat rations


   Skills:
 + Level 6.2 Fighting
 - Level 0.8 Throwing
 - Level 0.8 Armour
 - Level 1.7 Dodging
 - Level 10.0 Unarmed Combat
 - Level 1.7 Spellcasting
 - Level 2.6 Translocations


You had 5 spell levels left.
You knew the following spells:

 Your Spells              Type           Power        Failure   Level  Hunger
a - Apportation           Tloc           #.........   17%         1    ##.....
b - Blink                 Tloc           N/A          24%         2    ###....
c - Shroud of Golubria    Chrm/Tloc      #.........   47%         2    ###....


Dungeon Overview and Level Annotations

Branches:
Dungeon (5/15)
 Temple: D:4-7

Altars:
Ashenzari
Dithmenos
Okawaru
Yredelemnul


Innate Abilities, Weirdness & Mutations

Your body is rotting away.
You thrive on raw meat.
You have sharp fingernails.
You are carnivorous and can eat meat at any time.
Your flesh is cold resistant.
You are immune to negative energy.
Your system is resistant to poisons.
You heal slowly when monsters are visible.
You are immune to unholy pain and torment.
You can survive without breathing.


Message History

The decayed bog body is almost destroyed.
The decayed bog body barely misses you. The decayed bog body touches you.
* * * LOW HITPOINT WARNING * * *
The decayed bog body freezes you. You resist.
* * * LOW HITPOINT WARNING * * *
Unknown command.
You claw the decayed bog body!
You destroy the decayed bog body!
Unknown command.
You claw the yellow wasp zombie!
The yellow wasp zombie barely misses you.
The yellow wasp zombie closely misses you.
Unknown command.
You barely miss the yellow wasp zombie. The yellow wasp zombie hits you.
* * * LOW HITPOINT WARNING * * *
Unknown command.
You claw the yellow wasp zombie! The yellow wasp zombie hits you!
* * * LOW HITPOINT WARNING * * *
The yellow wasp zombie hits you.
You die...

#..≈# #≈≈.# #...+
##≈#≈#####
#≈..≈#..∩#
#≈≈≈≈≈.∩.#
#≈#P≈≈#...#
####≈§#####.#####
#≈≈.≈@Z≈.≈≈.≈...≈
###≈#≈#'#'#.≈≈#+#
###.#P#.≈. .#
####≈≈##≈# ≈≈# ≈#
≈#≈ ≈ #≈≈# ≈≈# ##


You could see a yellow wasp zombie.

Vanquished Creatures
  Edmund (D:4)
  A centaur (D:4)
  A phantom (D:4)
  3 ogres (D:4)
  A water moccasin zombie (Ossuary)
  A scorpion (D:4)
  5 bog bodies (Ossuary)
  2 giant frog zombies (Ossuary)
  A centaur skeleton (D:5)
  A giant frog skeleton (D:4)
  An orc priest (D:3)
  3 worker ants
  2 iguanas
  A killer bee zombie (Ossuary)
  2 hound zombies (Ossuary)
  A hound skeleton (D:4)
  A mummy (D:5)
  2 worker ant zombies
  3 gnolls
  10 adders
  3 worms
  An ooze (D:2)
  5 orcs
  7 bats
  8 giant cockroaches
  13 hobgoblins
  6 jackals
  2 ball pythons
  4 giant geckos
  2 giant newts (D:3)
  7 goblins
  A goblin zombie (D:5)
  10 kobolds
  12 rats
124 creatures vanquished.

Vanquished Creatures (others)
  A plant (Ossuary)
1 creature vanquished.

Grand Total: 125 creatures vanquished

Notes
Turn   | Place    | Note
--------------------------------------------------------------
     0 | D:1      | smajdalf, the Ghoul Warper, began the quest for the Orb.
     0 | D:1      | Reached XP level 1. HP: 17/17 MP: 2/2
   104 | D:1      | Reached skill level 3 in Unarmed Combat
   104 | D:1      | Reached XP level 2. HP: 19/24 MP: 3/3
  1199 | D:1      | Reached XP level 3. HP: 24/27 MP: 5/5
  1327 | D:2      | Reached skill level 4 in Unarmed Combat
  1843 | D:2      | Reached XP level 4. HP: 31/36 MP: 5/5
  1994 | D:2      | Reached skill level 5 in Unarmed Combat
  2294 | D:3      | Reached XP level 5. HP: 40/40 MP: 6/6
  2597 | D:3      | Reached skill level 6 in Unarmed Combat
  3102 | D:4      | Noticed an ogre
  3115 | D:4      | Killed an ogre
  3115 | D:4      | Reached skill level 7 in Unarmed Combat
  3115 | D:4      | Reached XP level 6. HP: 42/46 MP: 8/8
  3142 | D:4      | Found a shattered altar of Ashenzari.
  3143 | D:4      | Noticed a phantom
  3143 | D:4      | Noticed an ogre
  3146 | D:4      | Noticed an ogre
  3149 | D:4      | Killed an ogre
  3251 | D:4      | Killed an ogre
  3251 | D:4      | Reached skill level 8 in Unarmed Combat
  3251 | D:4      | Reached XP level 7. HP: 46/55 MP: 8/8
  3256 | D:4      | Killed a phantom
  3328 | D:4      | Noticed a centaur
  3556 | D:4      | Killed a centaur
  3556 | D:4      | Reached skill level 9 in Unarmed Combat
  3793 | D:4      | Found an iron altar of Okawaru.
  3795 | D:4      | Found a shadowy altar of Dithmenos.
  3797 | D:4      | Found a basalt altar of Yredelemnul.
  3880 | D:4      | Learned a level 2 spell: Blink
  3883 | D:4      | Learned a level 2 spell: Shroud of Golubria
  3898 | D:4      | Noticed Edmund
  3930 | D:4      | Killed Edmund
  3932 | D:4      | Reached XP level 8. HP: 22/61 MP: 10/10
  4387 | D:3      | Reached skill level 10 in Unarmed Combat
  4669 | D:4      | Found a shattered altar of Ashenzari.
  4848 | D:4      | Found a shadowy altar of Dithmenos.
  4849 | D:4      | Found an iron altar of Okawaru.
  4852 | D:4      | Found a basalt altar of Yredelemnul.
  5317 | D:5      | Entered Level 5 of the Dungeon
  5598 | D:5      | Found a sand-covered staircase.
  5604 | Ossuary  | Entered an ossuary
  5645 | Ossuary  | Reached skill level 5 in Fighting
  5721 | Ossuary  | HP: 1/70 [yellow wasp zombie (8)]
  5721 | Ossuary  | Slain by a yellow wasp zombie

Action                   |  1- 3 |  4- 6 |  7- 9 || total
-------------------------+-------+-------+-------++-------
Melee: Unarmed           |   151 |   123 |   206 ||   480
Evoke: Wand              |       |     2 |       ||     2
  Use: Scroll            |     2 |       |     1 ||     3
       Potion            |       |     1 |     4 ||     5
  Eat: Chunk             |    14 |    22 |    28 ||    64
